 Dungeon Crawl Stone Soup version 0.27-a0-1586-gd5c625afe7 (webtiles) character file.

Game seed: 12350958886673958570

45 Lemonice the Skirmisher (level 3, -3/30 HPs)
             Began as a Formicid Abyssal Knight on July 18, 2021.
             Was a Follower of Lugonu.
             Killed from afar by an orc wizard (6 damage)
             ... with a magic dart
             ... on level 3 of the Dungeon.
             The game lasted 00:02:43 (2833 turns).

Lemonice the Skirmisher (Formicid Abyssal Knight)   Turns: 2833, Time: 00:02:43

Health: -3/30      AC:  3    Str: 17    XL:     3   Next: 90%
Magic:  5/5        EV: 11    Int: 11    God:    Lugonu [*.....]
Gold:   121        SH:  0    Dex: 10    Spells: 2/2 levels left

rFire    . . .     SeeInvis +   a - +1 hand axe
rCold    . . .     Faith    .   (no shield)
rNeg     . . .     Spirit   .   b - +0 leather armour
rPois    .         Reflect  .   (helmet unavailable)
rElec    .         Harm     .   (no cloak)
rCorr    .         Rampage  .   (no gloves)
Will     .....                  (no boots)
Stlth    +.........             (no amulet)
HPRegen  0.10/turn              (no ring)
MPRegen  0.09/turn              (no ring)

@: no status effects
A: permanent stasis, dig shafts and tunnels, antennae 3, four strong arms
a: Dig, Shaft Self, Renounce Religion, Depart the Abyss


You were on level 3 of the Dungeon.
You worshipped Lugonu.
Lugonu was aware of your devotion.
You visited 1 branch of the dungeon, and saw 3 of its levels.
You visited the Abyss 1 time.

You collected 121 gold pieces.

Inventory:

Hand Weapons
 a - a +1 hand axe (weapon)
Missiles
 d - 151 stones
Armour
 b - a +0 leather armour (worn)
Jewellery
 h - a +6 ring of strength
Scrolls
 e - a scroll of immolation {unknown}
 f - a scroll of noise {unknown}
 g - a scroll of fog {unknown}
 i - 2 scrolls of identify {unknown}
 l - a scroll of magic mapping {unknown}
Potions
 c - a potion of resistance
 j - a potion of haste
 k - a potion of heal wounds {unknown}
 m - 2 potions of attraction {unknown}
 n - a potion of curing {unknown}


   Skills:
 + Level 3.6 Fighting
 + Level 2.4 Axes
 + Level 2.8 Armour
 + Level 1.4 Dodging
 + Level 2.8 Invocations


You had 2 spell levels left.
You didn't know any spells.
Your spell library contained the following spells:

 Spells                   Type           Power      Damage    Failure   Level
 Sting                    Tmut/Pois      0%         1d3       38%         1
 Poisonous Vapours        Pois/Air       0%         N/A       54%         2
 Fulminant Prism          Conj/Hex       0%         3d6       99%         4
 Iskenderun's Mystic Bla  Conj/Tloc      0%         2d3       99%         4
 Olgreb's Toxic Radiance  Pois           0%         N/A       99%         4
 Fireball                 Conj/Fire      0%         3d3       100%        5
 Lee's Rapid Deconstruct  Erth           0%         3d5*      100%        5
 Starburst                Conj/Fire      0%         8x6d3     100%        6
 Ignition                 Fire           0%         3d3       100%        8


Dungeon Overview and Level Annotations

Branches:
Dungeon (3/15)

Altars:


Innate Abilities, Weirdness & Mutations

You cannot be hasted, slowed, berserked, paralysed or teleported.
You can dig through walls and to a lower floor.
You have a pair of large antennae on your head. (SInv)
Your four strong arms can wield two-handed weapons with a shield.


Message History

The orc barely misses you.
You bump into the rock wall.
The orc wizard casts a spell at you.
You are more confused.
The orc hits you with a +0 flail!
You're too confused to move!
The orc wizard hits you but does no damage.
The orc barely misses you.
You hit the orc wizard.
The orc wizard is moderately wounded.
You hit the orc but do no damage. The orc wizard completely misses you.
The orc hits you with a +0 flail.
You hit the orc wizard.
The orc wizard is heavily wounded.
You barely miss the orc.
The orc wizard points at you and mumbles some strange words.
You resist with some effort. The orc hits you with a +0 flail.
The orc wizard barely misses you.
You bump into the rock wall.
The orc closely misses you.
You hit the orc.
The orc is moderately wounded.
The orc barely misses you.
You bump into the rock wall.
The orc hits you with a +0 flail.
You hit the orc but do no damage.
The orc is moderately wounded.
The orc hits you but does no damage.
You hit the orc.
The orc is moderately wounded.
You feel less confused. The orc hits you with a +0 flail.
* * * LOW HITPOINT WARNING * * *
You closely miss the orc wizard.
The orc wizard is moderately wounded.
The orc wizard hits you with a +0 dagger.
* * * LOW HITPOINT WARNING * * *
It was a potion of haste.
Your stasis prevents you from being hasted.
The orc wizard gestures at you while chanting.
The magic dart hits you.
You die...

.........##+##
.#.#.#.#.....
............# #.
.#.#.#.#....# #.
..........# #.
...#....# #.
#########.#....# #.
#oo@......'....# #.
#o#######.#....#####
#...#######.#.......
#.#.........#.......
#.###########..#####
#...........#..# #.
#.#########....# #.
#.# ###..# #. o..
#..# #.


You could see an orc wizard and 2 orcs.

Vanquished Creatures
  3 orcs (D:3)
  6 endoplasms
  4 giant cockroaches
  A goblin (D:1)
  3 hobgoblins
  4 jackals (D:1)
  2 kobolds
  A quokka (D:1)
  2 ball pythons
  3 bats
  4 frilled lizards
  3 rats
36 creatures vanquished.

Notes
Turn   | Place    | Note
-------+----------+-------------------------------------------
     0 | Abyss:1  | Lemonice the Formicid Abyssal Knight began the quest for
                  | the Orb.
     0 | Abyss:1  | Reached XP level 1. HP: 18/18 MP: 2/2
    82 | Abyss:1  | Noticed a quasit
    96 | D:1      | Escaped the Abyss
   142 | D:1      | Reached skill level 1 in Dodging
   620 | D:1      | Reached * piety under Lugonu
   621 | D:1      | Reached XP level 2. HP: 21/24 MP: 3/3
  1147 | D:1      | Reached XP level 3. HP: 28/29 MP: 4/4
  1157 | D:1      | Found a faded altar of an unknown god.
  2833 | D:3      | Killed from afar by an orc wizard

Illustrated notes

Levels and vault maps discovered:
D:1:      minmay_arrival_shattered_statue, layout_loops_corners,
          ebering_ecumenical_altar_abandoned, minmay_pentomino_x4
D:2:      layout_basic, grunt_decor_clamped
D:3:      layout_basic, fedhas_ov_isle_minmay, serial_co_window_serial,
          co_window_paths_b, co_window_paths_a, co_window_corner_a,
          co_window_paths_a, co_window_paths_b, co_window_cross_1,
          co_window_broadway_b, co_window_unsneaky_path_d, co_window_corner_b,
          co_window_4corner_a, glass_columns_a, glass_columns_a,
          glass_columns_a, glass_columns_c, nrook_loot_triangle

Skill      XL: |  1 |
---------------+----+-----
Dodging        | 1 |  1.4
Fighting       | |  3.6
Axes           | |  2.4
Armour         | |  2.8
Invocations    | |  2.8

Action                   || total
-------------------------++-------
Melee: Hand axe          ||    98
Invok: Depart the Abyss  ||     1
  Use: Potion            ||     2
 Stab: Sleeping          ||     1
Armor: Leather armour    ||    23
Dodge: Dodged            ||    66

Table legend: (Time is in decaauts)
 A = Elapsed time spent in this place.
 B = Non-inter-level travel time spent in this place.
 C = Inter-level travel time spent in this place.
 D = Time resting spent in this place.
 E = Time spent auto-exploring this place.
 F = Levels seen in this place.
 G = Mean time per level.
                   A        B        C        D        E       F      G
               +--------+--------+--------+--------+--------+-----+--------+
         Total |   2850 |   2794 |     56 |      0 |   2409 |   4 |  712.5 |
       Dungeon |   2754 |   2698 |     56 |      0 |   2351 |   3 |  918.0 |
         Abyss |     96 |     96 |      0 |      0 |     58 |   1 |   96.0 |
               +--------+--------+--------+--------+--------+-----+--------+

Top non-repeatable levels by time:
     D:1: 1425 daAuts
     D:2: 988 daAuts
     D:3: 341 daAuts
 Abyss:1: 96 daAuts
